 Dungeon Crawl Stone Soup version 0.30-a0-639-g3916f1956a (webtiles) character file.

Game seed: 18336962562074249166

326 pokeman the Magician (level 6, -1/34 HPs)
             Began as a Deep Elf Hedge Wizard on Jan 16, 2023.
             Was a Follower of Vehumet.
             Slain by an iguana (10 damage)
             ... on level 4 of the Dungeon.
             The game lasted 00:09:06 (4353 turns).

pokeman the Magician (Deep Elf Hedge Wizard)        Turns: 4353, Time: 00:09:06

Health: -1/34      AC:  3    Str:  7    XL:     6   Next: 24%
Magic:  2/17       EV: 13    Int: 21    God:    Vehumet [*.....]
Gold:   136        SH:  0    Dex: 14    Spells: 6/18 levels left

rFire   . . .      SeeInvis .    a - +0 dagger
rCold   . . .      Faith    .    (no shield)
rNeg    . . .      Spirit   .    b - +0 robe
rPois   .          Reflect  .    c - +0 hat
rElec   .          Harm     .    g - +0 cloak
rCorr   .          Rampage  .    (no gloves)
Will    .....                    (no boots)
Stlth   ++                       (no amulet)
HPRegen 0.25/turn                (no ring)
MPRegen 0.15/turn                (no ring)

@: no status effects
A: no striking features
a: Renounce Religion


You were on level 4 of the Dungeon.
You worshipped Vehumet.
Vehumet was aware of your devotion.
You visited 1 branch of the dungeon, and saw 4 of its levels.

You collected 201 gold pieces.
You spent 65 gold pieces at shops.

Inventory:

Hand Weapons
 a - a +0 dagger (weapon)
Missiles
 u - 5 curare-tipped darts
Armour
 b - a +0 robe (worn)
 c - a +0 hat (worn)
 g - a +0 cloak (worn)
Magical Staves
 t - a staff of poison
Wands
 x - a wand of flame (17)
Scrolls
 e - 6 scrolls of identify
 k - a scroll of torment {unknown}
 l - a scroll of summoning {unknown}
 n - 3 scrolls of blinking {unknown}
 p - 2 scrolls of teleportation
 q - a scroll of silence {unknown}
 r - a scroll of fear {unknown}
 v - a scroll of acquirement {unknown}
Potions
 d - a potion of magic
 f - a potion of mutation {unknown}
 h - a potion of cancellation {unknown}
 i - 2 potions of attraction {unknown}
 j - 3 potions of curing {unknown}
 m - a potion of experience {unknown}
 o - a potion of haste {unknown}
 s - a potion of ambrosia {unknown}
 w - a potion of heal wounds {unknown}


   Skills:
 + Level 1.1 Fighting
 - Level 1.0 Armour
 - Level 3.0 Dodging
 - Level 3.1 Stealth
 * Level 6.8 Spellcasting
 + Level 3.1 Conjurations
 + Level 1.3 Summonings
 - Level 1.1 Translocations
 - Level 1.0 Air Magic
 - Level 1.1 Poison Magic
 - Level 1.1 Evocations


You had 6 spell levels left.
You knew the following spells:

 Your Spells              Type           Power      Damage    Failure   Level
a - Magic Dart            Conj           80%        1d7       2%          1
b - Mephitic Cloud        Conj/Pois/Air  14%        N/A       13%         3
c - Call Imp              Summ           12%        N/A       8%          2
d - Blink                 Tloc           22%        N/A       9%          2
e - Iskenderun's Mystic   Conj/Tloc      16%        2d5       36%         4

Your spell library contained the following spells:

 Spells                   Type           Power      Damage    Failure   Level
 Shock                    Conj/Air       60%        1d6       3%          1
 Slow                     Hex            28%        N/A       9%          1
 Cigotuvi's Dreadful Rot  Necr/Pois/Air  20%        N/A       10%         2
 Sublimation of Blood     Necr           7%         N/A       14%         2
 Kindle Blastsparks       Fire/Tloc/Air  20%        2d11      21%         3
 Portal Projectile        Hex/Tloc       18%        N/A       22%         3
 Tukima's Dance           Hex            7%         N/A       26%         3
 Fulminant Prism          Conj/Hex       6%         3d7       43%         4
 Petrify                  Tmut/Erth      7%         N/A       65%         4
 Irradiate                Conj/Tmut      6%         3d13      78%         5
 Blade Hands              Tmut           3%         N/A       94%         5
 Lee's Rapid Deconstruct  Erth           3%         3d5*      94%         5


Dungeon Overview and Level Annotations

Branches:
Dungeon (4/15)
 Temple: D:4-7

Altars:
Elyvilon
Hepliaklqana
Vehumet
Xom

Shops:
D:2 ?


Message History

Confirm with . or Enter, or press ? or * to list all spells.
Aiming: Magic Dart (safe; 2% risk of failure)
Press: ? - help, Shift-Dir - straight line, f/p - iguana
Aim: an iguana (severely wounded, 100% to hit)
The magic dart hits the iguana.
The iguana is severely wounded.
The iguana bites you.
* * * LOW HITPOINT WARNING * * *
Casting: Magic Dart (safe; 2% risk of failure)
Confirm with . or Enter, or press ? or * to list all spells.
Aiming: Magic Dart (safe; 2% risk of failure)
Press: ? - help, Shift-Dir - straight line, f/p - iguana
Aim: an iguana (severely wounded, 100% to hit)
The magic dart hits the iguana.
The iguana is severely wounded.
The iguana closely misses you.
Casting: Magic Dart (safe; 2% risk of failure)
Confirm with . or Enter, or press ? or * to list all spells.
You blink.
Casting: Blink (safe; 9% risk of failure)
Confirm with . or Enter, or press ? or * to list all spells.
The spell is quite dangerous to miscast (13% risk of failure)!
Continue anyway?
Aiming: Mephitic Cloud (quite dangerous; 13% risk of failure)
Press: ? - help, Shift-Dir - straight line, f/p - iguana
Aim: an iguana (severely wounded, chance to affect: 86%)
The ball explodes into a vile cloud!
The stinking cloud engulfs the iguana but does no damage.
The iguana is severely wounded.
The iguana is engulfed in noxious fumes.
The iguana appears confused.
You hit the iguana.
The iguana is almost dead.
The iguana is engulfed in noxious fumes.
You barely miss the iguana.
The iguana is almost dead.
You barely miss the iguana.
The iguana is almost dead.
You feel stable enough to blink again. The iguana bites you!
You die...

#.... #........
#....##### #.#.########
###....#...###...........
.......#.....#.#..#####
.......#...#.#.##.##
.............#.##..#
#°○....#.#...##
#..○..##.#...>#
#.#.@l...#....#
#.#.......##'##
#.#########8.8## #.#
##.....## #.# ##8.....8##
#.# ##.........#
#.#####8.........8#
#.....'.....).....+
#.....#8.........8#


You could see an iguana (confused).

Vanquished Creatures
  A necrophage (D:4)
  Ijyb (D:3)
  Terence (D:3)
  An iguana (D:4)
  4 gnolls (D:3)
  5 adders
  3 worms
  3 dart slugs
  An orc (D:3)
  6 ball pythons
  7 bats
  6 endoplasms
  5 giant cockroaches
  9 goblins
  3 hobgoblins
  A jackal (D:2)
  5 kobolds
  4 quokkas (D:1)
  8 frilled lizards
  11 rats
85 creatures vanquished.

Vanquished Creatures (collateral kills)
  A worm (D:2)
  An endoplasm (D:2)
  3 jackals (D:2)
  2 frilled lizards
7 creatures vanquished.

Vanquished Creatures (others)
  A plant (D:1)
1 creature vanquished.

Grand Total: 93 creatures vanquished

Notes
Turn   | Place    | Note
-------+----------+-------------------------------------------
     0 | D:1      | pokeman the Deep Elf Hedge Wizard began the quest for the
                  | Orb.
     0 | D:1      | Reached XP level 1. HP: 10/10 MP: 7/7
   267 | D:1      | Reached XP level 2. HP: 15/15 MP: 6/9
   679 | D:1      | Reached skill level 5 in Spellcasting
   886 | D:1      | Reached XP level 3. HP: 20/20 MP: 6/11
   890 | D:1      | Learned a level 3 spell: Mephitic Cloud
   893 | D:1      | Learned a level 2 spell: Call Imp
   896 | D:1      | Learned a level 2 spell: Blink
  1475 | D:2      | Reached skill level 1 in Armour
  1739 | D:2      | Reached skill level 1 in Fighting
  1881 | D:2      | Found a radiant altar of Vehumet.
  1886 | D:2      | Became a worshipper of Vehumet
  1908 | D:2      | Reached XP level 4. HP: 22/25 MP: 3/13
  2243 | D:2      | Found The Oracle's Delphic Readings.
  2247 | D:2      | Bought a scroll of identify for 26 gold pieces
  2247 | D:2      | Bought a scroll of teleportation for 39 gold pieces
  2252 | D:2      | Learned a level 4 spell: Iskenderun's Mystic Blast
  2626 | D:3      | Found a hazy altar of Hepliaklqana.
  2627 | D:3      | Found a shimmering altar of Xom.
  2628 | D:3      | Noticed a spectral ugly thing
  2851 | D:3      | Noticed Terence
  2874 | D:3      | Killed Terence
  2975 | D:3      | Noticed Ijyb
  3091 | D:3      | Killed Ijyb
  3092 | D:3      | Reached skill level 6 in Spellcasting
  3092 | D:3      | Reached XP level 5. HP: 29/29 MP: 7/15
  3442 | D:3      | Reached * piety under Vehumet
  3442 | D:3      | Offered knowledge of Shock by Vehumet.
  3831 | D:4      | Reached skill level 1 in Air Magic
  3831 | D:4      | Reached skill level 1 in Poison Magic
  3831 | D:4      | Reached skill level 1 in Evocations
  3831 | D:4      | Reached XP level 6. HP: 26/34 MP: 5/17
  4169 | D:4      | Found a white marble altar of Elyvilon.
  4353 | D:4      | Slain by an iguana

Illustrated notes

Levels and vault maps discovered:
D:1:      giann_bridges, layout_basic
D:2:      layout_loops_ring, basic_altar, nicolae_nh_oracle_at_delphi
D:3:      minmay_skewed_foursquare, layout_loops_ring,
          regret_index_temple_of_mockery, uniq_ijyb, uniq_terence
D:4:      layout_basic, mainiacjoe_overflow_concentric_impassable,
          dk_noncrumbling_4

Skill      XL: |  1  2  3  4  5 |
---------------+----------------+-----
Spellcasting   | 5 6 |  6.8
Conjurations   | 2 3 |  3.1
Armour         | 1 |  1.0
Fighting       | 1 |  1.1
Stealth        | 3 |  3.1
Dodging        | 3 |  3.0
Air Magic      | 1 |  1.0
Poison Magic   | 1 |  1.1
Evocations     | 1 |  1.1
Summonings     | |  1.3
Translocations | |  1.1

Action                   |  1- 3 |  4- 6 || total
-------------------------+-------+-------++-------
Melee: Dagger            |    28 |    29 ||    57
       Punch             |     1 |       ||     1
 Cast: Magic Dart        |    94 |   126 ||   220
       Mephitic Cloud    |     3 |     9 ||    12
       Call Imp          |     3 |     3 ||     6
       Blink             |       |     1 ||     1
 Stab: Confused          |     2 |     4 ||     6
Armor: Robe              |     3 |     6 ||     9
Dodge: Dodged            |    14 |    29 ||    43

Table legend: (Time is in decaauts)
 A = Elapsed time spent in this place.
 B = Non-inter-level travel time spent in this place.
 C = Inter-level travel time spent in this place.
 D = Time resting spent in this place.
 E = Time spent auto-exploring this place.
 F = Levels seen in this place.
 G = Mean time per level.
                   A        B        C        D        E       F      G
               +--------+--------+--------+--------+--------+-----+--------+
         Total |   4352 |   4235 |    117 |    203 |   3447 |   4 | 1088.0 |
       Dungeon |   4352 |   4235 |    117 |    203 |   3447 |   4 | 1088.0 |
               +--------+--------+--------+--------+--------+-----+--------+

Top non-repeatable levels by time:
     D:1: 1321 daAuts
     D:3: 1288 daAuts
     D:2: 1198 daAuts
     D:4: 543 daAuts
